 Dungeon Crawl Stone Soup version 0.28-a0-863-g8cecda6153 (webtiles) character file.

Game seed: 15122007205549490247

14111 ders the Geomancer (level 12, -3/60 HPs)
             Began as a Gargoyle Earth Elementalist on Nov 16, 2021.
             Was a Priest of Vehumet.
             Slain by a komodo dragon (22 damage)
             ... on level 1 of the Lair of Beasts.
             The game lasted 00:23:20 (16023 turns).

ders the Geomancer (Gargoyle Earth Elementalist)   Turns: 16023, Time: 00:23:21

Health: -3/60      AC: 19    Str:  8    XL:     12   Next: 13%
Magic:  18/25      EV: 12    Int: 22    God:    Vehumet [***...]
Gold:   1122       SH:  4    Dex: 10    Spells: 20/30 levels left

rFire   + + .      SeeInvis +   l - staff of earth
rCold   . . .      Faith    .   M - +0 buckler
rNeg    + . .      Spirit   .   G - +0 leather armour {rF+}
rPois   ∞          Reflect  .   (no helmet)
rElec   +          Harm     .   H - +1 cloak
rCorr   .          Rampage  .   r - +0 pair of gloves
Will    +....                   (no boots)
Stlth   +++.......              (no amulet)
HPRegen 0.20/turn               o - ring of see invisible
MPRegen 0.19/turn               y - ring of the Lost Artists {rF+ Will+ AC+4 Str-3 Slay+2}

@: no status effects
A: sickness immunity, AC +8, negative energy resistance 1, electricity
resistance, torment resistance 1, petrification resistance
a: Renounce Religion


You were on level 1 of the Lair of Beasts.
You worshipped Vehumet.
Vehumet was most pleased with you.
You visited 3 branches of the dungeon, and saw 14 of its levels.
You also visited: Sewer and Bailey.

You collected 1941 gold pieces.
You spent 819 gold pieces at shops.

Inventory:

Missiles
 c - 159 stones
Armour
 b - a +0 robe
 r - a +0 pair of gloves (worn)
 G - a +0 leather armour of fire resistance (worn)
 H - a +1 cloak (worn)
 M - a +0 buckler (worn)
Magical Staves
 l - a staff of earth (weapon)
 F - a staff of fire
Jewellery
 o - a ring of see invisible (left hand)
 y - the ring of the Lost Artists (right hand) {rF+ Will+ AC+4 Str-3 Slay+2}
   (You found it on level 4 of the Dungeon)

   [ring of protection]

   AC:        It affects your AC (+4).
   Str:       It affects your strength (-3).
   Slay:      It affects your accuracy & damage with ranged weapons and melee
   (+2).
   rF:        It protects you from fire.
   Will:      It increases your willpower.
 B - a ring of positive energy
 C - a ring of flight
 E - a ring of magical power
 K - a ring of protection from fire
Wands
 z - a wand of flame (24)
 J - a wand of iceblast (23)
 N - a wand of polymorph (18)
 O - a wand of paralysis (7)
Scrolls
 d - 10 scrolls of teleportation
 n - 4 scrolls of fog {unknown}
 p - a scroll of silence {unknown}
 u - 4 scrolls of blinking {unknown}
 v - 2 scrolls of noise {unknown}
 w - 2 scrolls of amnesia
 x - 8 scrolls of identify
 A - a scroll of magic mapping
 I - 2 scrolls of fear {unknown}
 P - a scroll of enchant armour {unknown}
 Q - a scroll of vulnerability {unknown}
Potions
 a - 3 potions of curing
 e - 3 potions of resistance
 f - 2 potions of degeneration {unknown}
 g - a potion of mutation {unknown}
 h - 7 potions of heal wounds
 i - 2 potions of might {unknown}
 j - 2 potions of berserk rage
 k - 2 potions of invisibility {unknown}
 m - 5 potions of haste {unknown}
 q - 3 potions of flight {unknown}
 s - 5 potions of brilliance {unknown}
 t - 3 potions of magic {unknown}
 D - 5 potions of cancellation {unknown}
 L - 2 potions of ambrosia {unknown}


   Skills:
 + Level 0.6 Fighting
 + Level 3.6 Armour
 + Level 5.1 Dodging
 - Level 6.8 Stealth
 - Level 4.0 Shields
 + Level 9.7 Spellcasting
 + Level 10.2 Conjurations
 + Level 1.2 Transmutations
 + Level 2.0 Fire Magic
 + Level 11.5 Earth Magic


You had 20 spell levels left.
You knew the following spells:

 Your Spells              Type           Power      Damage    Failure   Level
a - Sandblast             Erth           100%       2d20      1%          1
b - Stone Arrow           Conj/Erth      100%       3d13      1%          3
c - Blink                 Tloc           20%        N/A       13%         2
d - Frozen Ramparts       Ice            20%        1d4       7%          3
e - Foxfire               Conj/Fire      100%       2x1d9     1%          1

Your spell library contained the following spells:

 Spells                   Type           Power      Damage    Failure   Level
 Ignite Poison            Fire/Tmut/Pois 15%        N/A       4%          3
 Passwall                 Tmut/Erth      45%        N/A       1%          2
 Freeze                   Ice            40%        1d6       2%          1
 Hailstorm                Conj/Ice       33%        3d8       3%          4
 Inner Flame              Hex/Fire       15%        N/A       4%          3
 Beastly Appendage        Tmut           30%        N/A       5%          1
 Petrify                  Tmut/Erth      55%        N/A       6%          4
 Irradiate                Conj/Tmut      17%        3d19      7%          5
 Cause Fear               Hex            5%         N/A       65%         4
 Manifold Assault         Tloc           10%        N/A       94%         5
 Storm Form               Tmut/Air       6%         N/A       100%        7
 Discord                  Hex            5%         N/A       100%        8
 Sublimation of Blood     Necr           Unusable   N/A       N/A         2

Dungeon Overview and Level Annotations

Branches:
Dungeon (12/15)            Temple (1/1) D:5            Lair (1/6) D:9
    Orc (0/2) D:9           Sewer (visited)          Bailey (visited)

Altars:
Ashenzari
Cheibriados
Dithmenos
Elyvilon
Fedhas
Gozag
Hepliaklqana
Kikubaaqudgha
Makhleb
Nemelex Xobeh
Okawaru
Qazlal
Ru
Sif Muna
Trog
Uskayaw
Vehumet
Wu Jian
Xom
Yredelemnul
Zin
The Shining One

Shops:
D:4 ?:?   D:6 (   D:7 *


Innate Abilities, Weirdness & Mutations

You are immune to sickness and miasma.
Your stone body is resilient. (AC +8)
You are immune to poison.
You resist negative energy. (rN+)
You are resistant to electric shocks. (rElec)
You are resistant to unholy torment.
You are immune to petrification.


Message History

Casting: Sandblast (safe; 1% risk of failure)
Confirm with . or Enter, or press ? or * to list all spells.
Aiming: Sandblast (safe; 1% risk of failure)
Press: ? - help, Shift-Dir - straight line, f/p - komodo dragon
Aim: a komodo dragon (88% to hit)
You feel a surge of power!
The blast of sand misses the komodo dragon.
The komodo dragon bites you!
Unknown command.
Casting: Sandblast (safe; 1% risk of failure)
Confirm with . or Enter, or press ? or * to list all spells.
Aiming: Sandblast (safe; 1% risk of failure)
Press: ? - help, Shift-Dir - straight line, f/p - komodo dragon
Aim: a komodo dragon (88% to hit)
You feel a surge of power!
The blast of sand hits the komodo dragon.
The komodo dragon is lightly wounded.
The komodo dragon bites you but does no damage.
Unknown command.
Casting: Sandblast (safe; 1% risk of failure)
Confirm with . or Enter, or press ? or * to list all spells.
Aiming: Sandblast (safe; 1% risk of failure)
Press: ? - help, Shift-Dir - straight line, f/p - komodo dragon
Aim: a komodo dragon (lightly wounded, 88% to hit)
You feel a surge of power!
The blast of sand hits the komodo dragon!
The komodo dragon is moderately wounded.
The komodo dragon bites you!!
* * * LOW HITPOINT WARNING * * *
Unknown command.
Casting: Sandblast (safe; 1% risk of failure)
Confirm with . or Enter, or press ? or * to list all spells.
Aiming: Sandblast (safe; 1% risk of failure)
Press: ? - help, Shift-Dir - straight line, f/p - komodo dragon
Aim: a komodo dragon (moderately wounded, 88% to hit)
You feel a surge of power!
The blast of sand hits the komodo dragon!
The komodo dragon is severely wounded.
The komodo dragon bites you!!
You die...

#............(.(... .##
#†./..............
...##.................
#.....................
##....................
#.#..............†......
#...##.................P
#..##..##..............#
........#....@..........
...............l....).....
..........................
#.....>..#....P..........
##........#...##..........
#............###.........
#............###........
#........#.............
#..##.†##...........


You could see a komodo dragon.

Vanquished Creatures
  A hydra (D:6)
  A centaur warrior (D:11)
  3 two-headed ogres
  A deep elf pyromancer (D:12)
  A cyclops (D:11)
  A black mamba (Lair:1)
  3 gargoyles
  An unseen horror (D:10)
  3 komodo dragons
  Grinder (D:4)
  6 yaks
  A wyvern (D:10)
  A wraith (D:11)
  Eustachio (D:6)
  2 acid dragons (D:11)
  Edmund (D:6)
  3 water moccasins
  An ice beast (D:8)
  3 sky beasts
  2 necrophages
  12 orc warriors
  5 ogres
  5 wolves (Lair:1)
  9 centaurs
  A phantom (D:7)
  3 kobold brigands
  5 bullfrogs
  2 gnoll sergeants
  A scorpion (D:6)
  2 wyvern skeletons (D:7)
  A water moccasin skeleton (D:5)
  16 killer bees
  2 howler monkeys
  A centaur zombie (D:9)
  2 hounds (D:5)
  2 jellies
  A gnoll shaman (D:4)
  6 orc priests
  5 iguanas
  7 orc wizards
  A killer bee zombie (D:7)
  2 howler monkey zombies
  15 gnolls
  3 howler monkey skeletons
  8 adders
  3 shadow imps
  3 white imps
  2 adder skeletons (D:4)
  2 worms
  A dart slug (D:1)
  38 orcs
  15 ball pythons
  4 endoplasms
  3 giant cockroaches
  7 goblins
  9 hobgoblins
  2 jackals (D:3)
  5 quokkas
  2 bats (Sewer)
  7 frilled lizards
  29 kobolds
  5 rats
291 creatures vanquished.

Vanquished Creatures (others)
  44 foxfires
  3 fungi (D:3)
  4 plants
51 creatures vanquished.

Grand Total: 342 creatures vanquished

Notes
Turn   | Place    | Note
-------+----------+-------------------------------------------
     0 | D:1      | ders the Gargoyle Earth Elementalist began the quest for
                  | the Orb.
     0 | D:1      | Reached XP level 1. HP: 10/10 MP: 3/3
   265 | D:1      | Reached skill level 1 in Transmutations
   265 | D:1      | Reached XP level 2. HP: 13/15 MP: 1/5
  1055 | D:2      | Reached XP level 3. HP: 7/19 MP: 0/6
  1068 | D:2      | Learned a level 3 spell: Stone Arrow
  1313 | D:2      | Reached skill level 4 in Earth Magic
  1395 | D:2      | Reached skill level 1 in Conjurations
  1640 | D:2      | Reached XP level 4. HP: 13/24 MP: 1/7
  2265 | D:3      | Found a faded altar of an unknown god.
  2280 | D:3      | Got Plato's Almanac of Transmigration
  2947 | D:4      | Found Vupo Yxi's Magic Scroll Emporium.
  2950 | D:4      | Bought a scroll of teleportation for 42 gold pieces
  2994 | D:4      | Found Zovogg's Book Emporium.
  3007 | D:4      | Noticed Grinder
  3011 | D:4      | Paralysed by Grinder for 7 turns
  3021 | D:4      | Killed Grinder
  3022 | D:4      | Reached XP level 5. HP: 23/28 MP: 0/9
  3022 | D:4      | Reached XP level 6. HP: 26/32 MP: 0/10
  3101 | D:4      | Found a glowing drain.
  3110 | Sewer    | Entered a sewer
  3465 | Sewer    | Reached skill level 5 in Earth Magic
  3465 | Sewer    | Reached XP level 7. HP: 30/36 MP: 0/11
  3897 | D:4      | Found Noazen's Magic Scroll Emporium.
  3902 | D:4      | Bought a scroll of amnesia for 49 gold pieces
  4143 | D:4      | Identified the ring of the Lost Artists {rF+ Will+ AC+4
                  | Str-3 Slay+2}
  4782 | D:5      | Entered Level 5 of the Dungeon
  5183 | D:5      | Reached skill level 5 in Conjurations
  5183 | D:5      | Reached XP level 8. HP: 39/41 MP: 2/13
  5390 | D:5      | Reached skill level 5 in Stealth
  5578 | D:5      | Learned a level 2 spell: Blink
  5583 | D:5      | Found a staircase to the Ecumenical Temple.
  5605 | Temple   | Entered the Ecumenical Temple
  5850 | Temple   | Became a worshipper of Vehumet
  5935 | D:5      | Reached skill level 6 in Earth Magic
  6232 | D:6      | Noticed Edmund
  6275 | D:6      | Killed Edmund
  6317 | D:6      | Found Ebai's Antique Weapon Shoppe.
  6317 | D:6      | Noticed a five-headed hydra
  6331 | D:6      | Learned a level 3 spell: Frozen Ramparts
  6344 | D:6      | Killed a five-headed hydra
  6345 | D:6      | Reached XP level 9. HP: 45/45 MP: 2/16
  6752 | D:6      | Found a glowing silver altar of Zin.
  6859 | D:6      | Noticed Eustachio
  6866 | D:6      | Killed Eustachio
  6867 | D:6      | Reached skill level 5 in Spellcasting
  6867 | D:6      | Reached skill level 7 in Earth Magic
  7830 | D:7      | Found an opulent altar of Gozag.
  7977 | D:7      | Reached * piety under Vehumet
  7977 | D:7      | Offered knowledge of Foxfire by Vehumet.
  8056 | D:7      | Learned a level 1 spell: Foxfire
  8125 | D:7      | Found Fodil's CLEARANCE SALE!.
  8545 | D:8      | Reached XP level 10. HP: 50/50 MP: 12/18
  8611 | D:8      | Reached skill level 1 in Armour
  8705 | D:8      | Reached skill level 1 in Fire Magic
  8735 | D:8      | Noticed a two-headed ogre
  8744 | D:8      | Killed a two-headed ogre
  8745 | D:8      | Reached skill level 8 in Earth Magic
  9877 | D:9      | Found a staircase to the Lair.
  9999 | D:9      | Found a flagged portal.
 10058 | Bailey   | Entered a bailey
 10283 | Bailey   | Offered knowledge of Magic Dart by Vehumet.
 10295 | Bailey   | Reached ** piety under Vehumet
 10511 | Bailey   | Found a burning altar of Makhleb.
 10786 | D:4      | Bought a scroll of acquirement for 728 gold pieces
 10786 | D:4      | Acquired 695 gold pieces
 10970 | D:9      | Found a staircase to the Orcish Mines.
 11176 | D:9      | Reached skill level 9 in Earth Magic
 11853 | D:9      | Found a blossoming altar of Fedhas.
 11973 | D:9      | Reached XP level 11. HP: 54/54 MP: 15/23
 12124 | D:10     | Entered Level 10 of the Dungeon
 12124 | D:10     | Noticed a two-headed ogre
 12127 | D:10     | Killed a two-headed ogre
 12226 | D:10     | Reached skill level 10 in Earth Magic
 12473 | D:10     | Offered knowledge of Conjure Flame by Vehumet.
 12717 | D:10     | Reached skill level 1 in Shields
 13129 | D:10     | Found a shimmering altar of Xom.
 13748 | D:11     | Reached *** piety under Vehumet
 13861 | D:11     | Noticed a centaur warrior
 13870 | D:11     | Killed a centaur warrior
 13872 | D:11     | Reached skill level 5 in Dodging
 14271 | D:11     | Noticed a cyclops
 14278 | D:11     | Killed a cyclops
 14482 | D:11     | Noticed a two-headed ogre
 14489 | D:11     | Killed a two-headed ogre
 14889 | D:11     | Reached skill level 11 in Earth Magic
 14891 | D:11     | Offered knowledge of Ignite Poison by Vehumet.
 15350 | D:12     | Noticed a deep elf pyromancer
 15357 | D:12     | Killed a deep elf pyromancer
 15615 | Lair:1   | Entered Level 1 of the Lair of Beasts
 15671 | Lair:1   | Reached skill level 10 in Conjurations
 15671 | Lair:1   | Reached XP level 12. HP: 60/60 MP: 15/25
 16023 | Lair:1   | Slain by a komodo dragon

Illustrated notes

Levels and vault maps discovered:
D:1:      dpeg_arrival_stone_temple_mockup, layout_loops_ring,
          nrook_mini_backslash
D:2:      layout_loops_ring, minmay_misc_feat_room
D:3:      layout_loops_ring, shapermc_ecumenical_altar_rom_forum,
          minmay_quadrilaterals
D:4:      layout_basic, cheibrodos_sewer_entry_sluice, serial_shops,
          nicolae_shop_hallway_plus, nicolae_shop_trees, kennysheep_mini_moat,
          uniq_grinder
D:5:      cheibrodos_quashed, layout_rooms, minmay_temple_entry_stoned_glass,
          chequers_avenue, kennysheep_generic_room_14
D:6:      layout_rooms, mainiacjoe_overflow_alcove_1, serial_shops,
          nicolae_shop_crystal, st_stairs_5, nicolae_elevator_lobby_asterisk,
          uniq_eustachio, uniq_edmund
D:7:      layout_rooms, mainiacjoe_overflow_surrounded_room,
          nicolae_shop_clearance
D:8:      layout_basic, serial_rivers, chequers_serial_rivers_marsh,
          chequers_serial_rivers_micro_c, chequers_serial_rivers_micro_a,
          chequers_serial_rivers_micro_a, chequers_serial_rivers_small_a,
          small_statue_intersection, chequers_mini_garden, minmay_misc_feat_rows
D:9:      layout_basic, marbit_many_paths, david_lair_shrubbed, erik_orc_3,
          enter_bailey_8
D:10:     layout_small_grid, tgw_xom
D:11:     layout_long_grid, centaur_isle
D:12:     layout_loops_cross, uniq_erolcha
Temple:   dpeg_five_rooms_temple
Lair:1:   layout_cave_shapes, st_stairs_5

Skill      XL: |  1  2  3  4  5  6  7  8  9 10 11 |
---------------+----------------------------------+-----
Transmutations | 1 |  1.2
Earth Magic    | 4 5 6 7 9 11 | 11.5
Dodging        | 2 3 4 5 |  5.1
Conjurations   | 1 3 5 7 8 9 10 | 10.2
Stealth        | 3 4 6 |  6.8
Spellcasting   | 3 4 5 8 9 |  9.7
Armour         | 2 3 |  3.6
Fire Magic     | 1 2 |  2.0
Shields        | 4 |  4.0
Fighting       | |  0.6

Action                   |  1- 3 |  4- 6 |  7- 9 | 10-12 || total
-------------------------+-------+-------+-------+-------++-------
Melee: Unarmed           |     9 |       |       |       ||     9
       Staff             |     8 |    10 |    15 |    11 ||    44
 Cast: Sandblast         |    53 |    61 |    66 |    81 ||   261
       Stone Arrow       |       |     3 |    76 |   185 ||   264
       Frozen Ramparts   |       |       |     1 |       ||     1
       Foxfire           |       |       |    20 |    12 ||    32
  Use: Scroll            |       |     6 |       |     1 ||     7
       Potion            |       |       |       |     3 ||     3
Armor: Robe              |    12 |     7 |    10 |       ||    29
       Leather armour    |       |       |     8 |   100 ||   108
Dodge: Dodged            |    20 |    31 |    40 |   115 ||   206
Block: Buckler           |       |       |       |    28 ||    28

Table legend: (Time is in decaauts)
 A = Elapsed time spent in this place.
 B = Non-inter-level travel time spent in this place.
 C = Inter-level travel time spent in this place.
 D = Time resting spent in this place.
 E = Time spent auto-exploring this place.
 F = Levels seen in this place.
 G = Mean time per level.
                   A        B        C        D        E       F      G
               +--------+--------+--------+--------+--------+-----+--------+
         Total |  16073 |  14973 |   1100 |   5836 |   7064 |  16 | 1004.6 |
       Dungeon |  14048 |  13032 |   1016 |   4780 |   6567 |  12 | 1170.7 |
        Temple |    296 |    212 |     84 |      0 |    200 |   1 |  296.0 |
          Lair |    407 |    407 |      0 |    225 |    128 |   1 |  407.0 |
         Sewer |    736 |    736 |      0 |    421 |    151 |   1 |  736.0 |
        Bailey |    584 |    584 |      0 |    410 |     18 |   1 |  584.0 |
               +--------+--------+--------+--------+--------+-----+--------+

Top non-repeatable levels by time:
     D:9: 2021 daAuts
    D:11: 1631 daAuts
    D:10: 1541 daAuts
     D:8: 1235 daAuts
     D:7: 1209 daAuts
     D:3: 1111 daAuts
     D:2: 1075 daAuts
     D:6: 1068 daAuts
     D:4: 1044 daAuts
     D:5: 1039 daAuts
     D:1: 944 daAuts
   Sewer: 736 daAuts
  Bailey: 584 daAuts
  Lair:1: 407 daAuts
  Temple: 296 daAuts
